 Dungeon Crawl Stone Soup version 0.17-a0-1711-gc5340a3 (webtiles) character file.

84 Scytalen the Gusty (level 4, -1/33 HPs)
             Began as a Draconian Air Elementalist on Aug 22, 2015.
             Was an Initiate of Dithmenos.
             Slain by an orc wizard
             ... wielding a +0 dagger
              (6 damage)
             ... on level 4 of the Dungeon.
             The game lasted 00:13:46 (3257 turns).

Scytalen the Gusty (Draconian Air Elementalist)     Turns: 3257, Time: 00:13:47

Health: -1/33      AC:  5    Str: 10    XL:     4   Next: 23%
Magic:  1/7        EV: 12    Int: 17    God:    Dithmenos [......]
Gold:   141        SH:  0    Dex: 11    Spells: 3 memorised, 2 levels left

rFire  . . .     SeeInvis .     j - +0 hunting sling
rCold  . . .     Clarity  .     (armour unavailable)
rNeg   . . .     SustAt   .     (no shield)
rPois  .         Gourm    .     (helmet restricted)
rElec  .         Spirit   .     (no cloak)
rCorr  .         Warding  .     (no gloves)
rMut   .         Stasis   .     (no boots)
MR     .....                    (no amulet)
Stlth  ++........               (no ring)
                                (no ring)

@: slowed, very slow, not resistant to hostile enchantments, unstealthy
A: unfitting armour, cold-blooded, AC +5
a: Renounce Religion


You were on level 4 of the Dungeon.
You worshipped Dithmenos.
Dithmenos was noncommittal.
You were not hungry.

You visited 1 branch of the dungeon, and saw 4 of its levels.

You collected 141 gold pieces.

Inventory:

Hand weapons
 j - a +0 hunting sling (weapon)
 o - a +1 dagger of draining
Missiles
 i - 53 sling bullets (quivered)
 q - 11 poisoned needles
 s - 72 stones
Scrolls
 e - a scroll of identify
 f - 3 scrolls of remove curse
 p - 3 scrolls of magic mapping
 t - a scroll of random uselessness {unknown}
 x - a scroll of noise {unknown}
Potions
 c - 2 potions of resistance {unknown}
 h - a potion of curing
 m - a potion of flight
 n - a potion of brilliance {unknown}
 r - a potion of poison {unknown}
 v - a potion of magic {unknown}
 w - a potion of haste
Books
 a - a book of Air

   Spells                             Type                      Level
   a - Shock                          Conjuration/Air              1
   b - Swiftness                      Charms/Air                   2
   c - Repel Missiles                 Charms/Air                   2
   d - Static Discharge               Conjuration/Air              3
   e - Lightning Bolt                 Conjuration/Air              5
Comestibles
 b - 2 bread rations
 d - 2 beef jerkies
 g - a royal jelly
 k - 2 slices of pizza
 u - a chunk of flesh


   Skills:
 - Level 1.7 Dodging
 - Level 1.7 Stealth
 - Level 2.0 Spellcasting
 - Level 1.0 Conjurations
 + Level 5.1 Air Magic


You had 2 spell levels left.
You knew the following spells:

 Your Spells              Type           Power        Failure   Level  Hunger
a - Shock                 Conj/Air       ##..         6%          1    #......
b - Repel Missiles        Chrm/Air       ##....       12%         2    ###....
c - Swiftness             Chrm/Air       ##......     12%         2    ###....


Dungeon Overview and Level Annotations

Branches:
Dungeon (4/15)             Temple (0/1) D:4

Altars:
Dithmenos
Trog

Annotations:
D:1 exclusion: downstairs
D:2 Sigmund


Innate Abilities, Weirdness & Mutations

Your plain brown scales are hard (AC +5).
Your body does not fit into most forms of armour.
You are cold-blooded and may be slowed by cold attacks.


Message History

Firing (i - inventory. (,) - cycle):
i - 55 sling bullets (quivered)
Press: ? - help, Shift-Dir - straight line, f/p - orc wizard
Aim: an orc wizard, wielding a dagger and wearing a robe (almost dead, fast)
You shoot a sling bullet.
The sling bullet barely misses the orc wizard.
The orc wizard misses you.
The orc wizard mumbles some strange words.
The orc wizard blinks!
The orc misses you.
The orc wizard hits you but does no damage.
The orc hits you but does no damage. The orc wizard closely misses you.
Firing (i - inventory. (,) - cycle):
i - 54 sling bullets (quivered)
Press: ? - help, Shift-Dir - straight line, f - orc wizard, p - orc wizard
Aim: an orc wizard, wielding a dagger and wearing a robe (fast)
You shoot a sling bullet. The sling bullet hits the orc.
You kill the orc!
Dithmenos accepts your kill. The orc wizard hits you with a dagger.
* * * LOW HITPOINT WARNING * * *
The orc wizard hits you with a dagger.
You die...

#....#...##..+..s# #
#....##+###..#...#......#
# #....# #+##...+......+
# #....+ ###+##......# #
#....# #...........# #
#..... #...........+ #
#.... +...........##+## #
.#+#....(......#...# #
.......@o..o..(+.... ..#
....#+###()....#...##..#
. + +......#...##..# #.
#......+.......# #..
#..(...#...##..#
..#...##'#...#...##..#
....%....'(..#.......#
........(#...+......##
##..######...###'##.#.


You could see 2 orc wizards.

Vanquished Creatures
  An orc wizard (D:4)
  An ooze (D:1)
  A worm (D:3)
  3 giant geckos
  6 orcs
  A ball python (D:3)
  2 bats
  3 giant cockroaches
  4 hobgoblins
  4 kobolds
  A quokka (D:3)
  A giant newt (D:2)
  4 goblins
  2 jackals (D:1)
  4 rats
38 creatures vanquished.

Notes
Turn   | Place    | Note
--------------------------------------------------------------
     0 | D:1      | Scytalen the Draconian Air Elementalist began the quest for the Orb.
     0 | D:1      | Reached XP level 1. HP: 14/14 MP: 3/3
   994 | D:1      | Reached XP level 2. HP: 20/20 MP: 5/5
  1475 | D:2      | Noticed Sigmund
  1666 | D:2      | Learned a level 2 spell: Repel Missiles
  1669 | D:2      | Learned a level 2 spell: Swiftness
  1686 | D:2      | Reached skill level 4 in Air Magic
  2328 | D:3      | Reached XP level 3. HP: 26/26 MP: 3/6
  2560 | D:3      | Found a shadowy altar of Dithmenos.
  2569 | D:3      | Became a worshipper of Dithmenos the Shadowed
  2629 | D:3      | Found a faded altar to an unknown god.
  2669 | D:3      | Found a bloodstained altar of Trog.
  2943 | D:4      | Noticed a scorpion
  3170 | D:4      | Found a staircase to the Ecumenical Temple.
  3251 | D:4      | Reached skill level 5 in Air Magic
  3251 | D:4      | Reached XP level 4. HP: 11/33 MP: 0/7
  3257 | D:4      | Slain by an orc wizard

Vault maps used:
D:1:      dpeg_arrival_round_a, minmay_misc_feat_cross, serial_bayou_ford_a,
          minmay_liquid_box
D:2:      makhleb_grotto_becter, uniq_sigmund
D:3:      bloody_trog, grunt_dithmenos_smoke_and_mirrors, ecumenical_altar_1
D:4:      minmay_temple_entry_grid

Action                   |  1- 3 |  4- 6 || total
-------------------------+-------+-------++-------
Melee: Unarmed           |     5 |       ||     5
 Fire: Hunting sling     |    63 |     3 ||    66
 Cast: Shock             |    59 |     2 ||    61
  Use: Scroll            |     5 |       ||     5
       Potion            |     2 |     1 ||     3
  Eat: Chunk             |     8 |       ||     8
